 Seeded DCSS version 0.30.1-11-g7821555f0a (webtiles) character file.

Game seed: 537684885960813688 (custom seed)

35 fireball365 the Trooper (level 3, 0/33 HPs)
             Began as a Hill Orc Fighter on Dec 31, 2023.
             Slain by a goblin
             ... wielding a +0 club
              (2 damage)
             ... on level 2 of the Dungeon.
             The game lasted 00:01:52 (1205 turns).

fireball365 the Trooper (Hill Orc Fighter)          Turns: 1205, Time: 00:01:52

Health: 0/33       AC:  7    Str: 20    XL:     3   Next: 35%
Magic:  3/3        EV:  9    Int:  8    God:
Gold:   91         SH:  4    Dex: 10    Spells: 2/2 levels left

rFire   . . .        a - +0 war axe
rCold   . . .        c - +0 buckler
rNeg    . . .        b - +0 scale mail
rPois   .            (no helmet)
rElec   .            (no cloak)
rCorr   .            (no gloves)
SInv    .            (no boots)
Will    .....        (no amulet) Stlth
                     (no ring)
HPRegen 0.25/turn    (no ring)
MPRegen 0.08/turn

%: no passive effects
@: lethally poisoned (0 -> -1)
A: no striking features
a: no special abilities


You were on level 2 of the Dungeon.
You visited 1 branch of the dungeon, and saw 2 of its levels.

You collected 91 gold pieces.

Inventory:

Hand Weapons
 a - a +0 war axe (weapon)
Missiles
 e - 3 boomerangs (quivered)
Armour
 b - a +0 scale mail (worn)
 c - a +0 buckler (worn)
Scrolls
 g - a scroll of identify {unknown}
 h - 2 scrolls of teleportation {unknown}
 k - a scroll of magic mapping {unknown}
Potions
 d - a potion of might
 f - a potion of attraction {unknown}
 i - a potion of degeneration {unknown}
 j - a potion of lignification {unknown}


   Skills:
 + Level 4.1 Fighting
 + Level 3.1 Axes
 + Level 3.7 Armour
 + Level 0.3 Dodging
 + Level 3.6 Shields


You had 2 spell levels left.
You didn't know any spells.
Your spell library contained the following spells:

 Spells                   Type           Power      Damage    Failure   Level
 Blink                    Tloc           0%         N/A       92%         2
 Lesser Beckoning         Tloc           0%         N/A       92%         2
 Momentum Strike          Conj/Tloc      0%         3d8       92%         2


Dungeon Overview and Level Annotations

Branches:
Dungeon (2/15)

Altars:


Message History

You barely miss the adder.
You feel sick. The adder barely misses you. x2
The goblin closely misses you.
You barely miss the goblin.
The goblin is severely wounded.
You closely miss the adder.
You feel sick. The adder completely misses you. You block the goblin's attack.
The adder bites you.
You miss the goblin.
The goblin is severely wounded.
You miss the adder.
You feel sick. The goblin hits you but does no damage.
The adder bites you but does no damage. The goblin hits you but does no damage.
The adder bites you but does no damage.
You closely miss the goblin.
The goblin is heavily wounded.
You hit the adder.
You feel sick. The adder bites you but does no damage.
The goblin hits you but does no damage. The adder barely misses you.
You barely miss the goblin.
The goblin is heavily wounded.
You closely miss the adder.
You feel sick.
You are no longer poisoned.
The goblin hits you but does no damage. You block the adder's attack.
The goblin closely misses you.
You hit the goblin but do no damage.
The goblin is heavily wounded.
You barely miss the adder. The adder bites you but does no damage.
The adder closely misses you. The goblin hits you with a +0 club.
* * * LOW HITPOINT WARNING * * *
You barely miss the goblin.
The goblin is heavily wounded.
You barely miss the adder. The adder bites you.
* * * LOW HITPOINT WARNING * * *
The goblin hits you but does no damage. The adder bites you.
* * * LOW HITPOINT WARNING * * *
You are poisoned.
The adder poisons you!
You hit the goblin but do no damage.
The goblin is heavily wounded.
You closely miss the adder.
* * * LOW HITPOINT WARNING * * *
You feel sick. The goblin hits you with a +0 club.
You die...

#.......#...
.......#...........
#......#.......###.
......#.......#<#. .
.....#.........#.
#.#######...###########.
........................
#.....S.........########
#.....g@††......†.......
#...............###.....
#...............+ #.....
................# #.....
................#.......
........#...............
........#.....[.........
#########...............
#####.#####


You could see an adder and a goblin.

Vanquished Creatures
  An adder (D:2)
  4 endoplasms (D:1)
  4 goblins (D:1)
  A hobgoblin (D:1)
  2 jackals (D:2)
  A kobold (D:1)
  2 quokkas (D:1)
  3 ball pythons
  3 bats
  A frilled lizard (D:1)
  A rat (D:1)
23 creatures vanquished.

Notes
Turn   | Place    | Note
-------+----------+-------------------------------------------
     0 | D:1      | fireball365 the Hill Orc Fighter began the quest for the
                  | Orb.
     0 | D:1      | Reached XP level 1. HP: 19/19 MP: 1/1
   262 | D:1      | Reached XP level 2. HP: 22/27 MP: 2/2
   788 | D:1      | Found a faded altar of an unknown god.
   818 | D:1      | Reached skill level 4 in Fighting
  1102 | D:2      | Reached XP level 3. HP: 23/33 MP: 3/3
  1205 | D:2      | Slain by a goblin

Illustrated notes

Levels and vault maps discovered:
D:1:      dpeg_arrival_stonehenge_8_columns, layout_basic,
          shapermc_ecumenical_altar_starsandcircs
D:2:      layout_basic

Skill      XL: |  1  2 |
---------------+-------+-----
Fighting       | 4 |  4.1
Axes           | 3 |  3.1
Armour         | |  3.7
Dodging        | |  0.3
Shields        | |  3.6

Action                     || total
---------------------------++-------
  Melee: War axe           ||    88
 Armour: Scale mail        ||    59
  Dodge: Dodged            ||    68
  Block: Buckler           ||    25
